Capitals vs Flyers

Created - 7 mars 2018 at 19:26

Goals
1 2 3 T
Capitals 0 1 0 1
Flyers 0 2 2 4
Shots
1 2 3 T
Capitals 12 10 13 35
Flyers 10 13 15 38

1st period

No Goal

Penalties :
No Penalty

2nd period

1. Flyers , Brendan Perlini 5 (Travis Konecny 5) at 1:07
2. Flyers , Casey Cizikas 11 (Calle Jarnkrok 9, Charlie Coyle 19) at 6:16
3. Capitals , Anders Bjork 10 (Brendan Smith 7, Brock Nelson 28) at 12:21

Penalties :
No Penalty

3rd period

4. Flyers , Brendan Perlini 6 (Travis Konecny 6, P.K. Subban 27) at 8:30
5. Flyers , Filip Forsberg 23 (Patrick Kane 33, Evgeni Malkin 38) at 8:48

Penalties :
Brock Nelson (WAS) for Cross-checking (Minor) at 5:03

Goalie Stats

Jonathan Quick (WAS), 34 saves from 38 shots - (0,895), L, 24-15-6, 60:00 minutes
Tristan Jarry (PHI), 34 saves from 35 shots - (0,971), W, 4-5-4, 60:00 minutes

Players Stats for Capitals

Player Name              G  A  P  +/- PIM S  H  SB GA TA FO     MP     PP MP  PK MP  
------------------------------------------------------------------------------------
Anders Bjork             1  0  1   1  0   6  3  0  0  1  0/1    15:13   0:00   0:44 
Anton Stralman           0  0  0  -3  0   0  5  0  0  1  0/0    23:12   0:00   0:00 
Ben Chiarot              0  0  0   1  0   0  1  1  0  2  0/0    16:52   0:00   0:51 
Brady Skjei              0  0  0  -1  0   0  0  2  0  0  0/0    18:51   0:00   0:00 
Brendan Smith            0  1  1   1  0   0  5  1  0  2  0/0    17:08   0:00   1:08 
Brock Nelson             0  1  1  -1  2   2  2  0  1  0  1/2    16:52   0:00   0:00 
Claude Giroux            0  0  0  -1  0   3  2  0  1  1  14/23  17:30   0:00   0:30 
Darren Helm              0  0  0   1  0   6  1  0  3  0  5/11   14:40   0:00   0:06 
Jason Chimera            0  0  0  -2  0   0  1  1  1  0  1/1     9:22   0:00   0:13 
Josh Bailey              0  0  0  -1  0   4  0  0  0  0  1/1    16:59   0:00   0:00 
Nick Shore               0  0  0  -2  0   1  0  1  0  0  0/1    10:05   0:00   0:56 
Oliver Ekman-Larsson     0  0  0  -3  0   2  0  0  2  0  0/0    24:17   0:00   1:08 
Ondrej Palat             0  0  0  -1  0   4  3  1  1  0  0/0    17:26   0:00   0:00 
Riley Sheahan            0  0  0  -2  0   1  0  0  0  0  1/3     9:42   0:00   0:33 
Scottie Upshall          0  0  0   1  0   1  2  2  0  0  0/1    15:22   0:00   0:56 
Tobias Rieder            0  0  0  -1  0   1  0  0  0  0  0/0    17:23   0:00   0:00 
Valtteri Filppula        0  0  0  -1  0   3  0  0  2  0  5/12   17:23   0:00   0:00 
Zach Bogosian            0  0  0  -1  0   1  1  2  0  0  0/0    19:43   0:00   0:51 

Players Stats for Flyers

Player Name              G  A  P  +/- PIM S  H  SB GA TA FO     MP     PP MP  PK MP  
------------------------------------------------------------------------------------
Brandon Carlo            0  0  0   0  0   0  0  2  0  0  0/0    19:06   0:00   0:00 
Brendan Perlini          2  0  2   2  0   5  0  0  2  0  0/0     9:24   0:00   0:00 
Calle Jarnkrok           0  1  1   0  0   3  0  0  0  1  0/0    14:27   0:00   0:00 
Casey Cizikas            1  0  1   0  0   1  2  0  1  0  2/7    14:27   0:00   0:00 
Charlie Coyle            0  1  1   0  0   2  2  0  1  0  1/1    17:10   0:55   0:00 
Darnell Nurse            0  0  0   1  0   1  3  0  0  0  0/0    16:44   0:00   0:00 
Evgeni Malkin            0  1  1   1  0   3  3  1  0  0  18/30  18:59   1:04   0:00 
Filip Forsberg           1  0  1   1  0   5  1  0  0  0  0/1    18:59   1:04   0:00 
Ivan Barbashev           0  0  0   2  0   1  0  1  0  0  1/3     9:24   0:00   0:00 
Justin Faulk             0  0  0   0  0   1  2  1  0  0  0/0    19:54   0:48   0:00 
Leo Komarov              0  0  0   0  0   0  2  0  0  1  0/0    14:27   0:00   0:00 
Leon Draisaitl           0  0  0   0  0   0  1  2  1  0  0/0    17:10   0:55   0:00 
Michael Matheson         0  0  0   1  0   0  1  1  0  2  0/0    17:34   0:48   0:00 
P.K. Subban              0  1  1   2  0   1  2  4  1  3  0/0    23:22   1:11   0:00 
Patrick Kane             0  1  1   1  0   9  2  0  1  2  0/0    18:59   1:04   0:00 
TJ Brodie                0  0  0   2  0   2  0  2  0  1  0/0    23:20   1:11   0:00 
Travis Konecny           0  2  2   2  0   2  1  0  0  1  0/0     9:24   0:00   0:00 
Vincent Trocheck         0  0  0   0  0   2  1  0  0  0  6/14   17:10   0:55   0:00 

3 Stars

1 - Tristan Jarry (PHI)
2 - Brendan Perlini (PHI)
3 - Travis Konecny (PHI)

Power Play

Capitals - 0 on 0 Attempt(s) - 0,00%
Flyers - 0 on 1 Attempt(s) - 0,00%

Penalty Kill

Capitals - 1 on 1 Attempt(s) - 100,00% - Score 0 goal in Penalty Kill
Flyers - 0 on 0 Attempt(s) - 0,00% - Score 0 goal in Penalty Kill

Team Stat

Capitals - Hits : 26 - Faceoff Wins : 28 - Blocked Shots : 11 - Penalty Minutes : 2
Flyers - Hits : 23 - Faceoff Wins : 28 - Blocked Shots : 14 - Penalty Minutes : 0

Official

Referees : Tim Peel and Rob Martell
Linesman : Shandor Alphonso and Jonny Murray

Game Notes

No Game Note

Finance

Level 1 -- Attendance: 6000 (100,00%) -- Ticket Income 570 000 $
Level 2 -- Attendance: 5000 (100,00%) -- Ticket Income 270 000 $
Level 3 -- Attendance: 1823 (91,15%) -- Ticket Income 60 159 $
Level 4 -- Attendance: 3851 (96,28%) -- Ticket Income 84 722 $
Luxury Box -- Attendance: 991 (99,10%) -- Ticket Income 163 515 $
Game was played at the Spectrum.
Total Attendance: 17665 (98,14%)
Total Ticket Income: 1 148 396 $
Other Income: 562 714 $
Total Income: 1 711 110 $

Capitals

5 vs 5 Forward 
   Center                   Left Wing                Right Wing               Time % Phy DF OF 
 1 Claude Giroux            Brock Nelson             Josh Bailey              30     0   3  2  
 2 Valtteri Filppula        Ondrej Palat             Tobias Rieder            30     0   4  1  
 3 Darren Helm              Anders Bjork             Scottie Upshall          25     0   4  1  
 4 Riley Sheahan            Nick Shore               Jason Chimera            15     1   4  0  

5 vs 5 Defense 
   Defense                  Defense                                           Time % Phy DF OF 
 1 Oliver Ekman-Larsson     Anton Stralman                                    33     0   4  1  
 2 Brady Skjei              Zach Bogosian                                     30     0   4  1  
 3 Brendan Smith            Ben Chiarot                                       27     0   4  1  
 4 Oliver Ekman-Larsson     Anton Stralman                                    10     0   4  1  

PowerPlay Forward 
   Center                   Left Wing                Right Wing               Time % Phy DF OF 
 1 Claude Giroux            Ondrej Palat             Josh Bailey              60     0   0  5  
 2 Valtteri Filppula        Brock Nelson             Tobias Rieder            40     0   0  5  

PowerPlay Defense
   Defense                  Defense                                           Time % Phy DF OF 
 1 Oliver Ekman-Larsson     Anton Stralman                                    60     0   1  4  
 2 Brady Skjei              Ben Chiarot                                       40     0   1  4  

Penalty Kill 4 Players Forward 
   Center                   Wing                     Time % Phy DF OF 
 1 Nick Shore               Scottie Upshall          60     1   4  0  
 2 Riley Sheahan            Jason Chimera            40     1   4  0  

Penalty Kill 4 Players Defense
   Defense                  Defense                  Time % Phy DF OF 
 1 Oliver Ekman-Larsson     Brendan Smith            60     1   4  0  
 2 Zach Bogosian            Ben Chiarot              40     1   4  0  

Penalty Kill - 3 Players Forward 
   Forward                                           Time % Phy DF OF 
 1 Darren Helm                                       60     0   5  0  
 2 Riley Sheahan                                     40     0   5  0  

Penalty Kill - 3 Players Defense
   Defense                  Defense                  Time % Phy DF OF 
 1 Oliver Ekman-Larsson     Brendan Smith            60     1   4  0  
 2 Zach Bogosian            Ben Chiarot              40     1   4  0  

4 vs 4 Forward 
   Center                   Wing                     Time % Phy DF OF 
 1 Claude Giroux            Ondrej Palat             60     0   2  3  
 2 Valtteri Filppula        Brock Nelson             40     0   2  3  

4 vs 4 Defense
   Defense                  Defense                  Time % Phy DF OF 
 1 Oliver Ekman-Larsson     Anton Stralman           60     0   3  2  
 2 Brady Skjei              Ben Chiarot              40     0   3  2  

Last Minutes Offensive
   Center                   Left Wing                Right Wing               Defense                  Defense                  
   Claude Giroux            Ondrej Palat             Josh Bailey              Oliver Ekman-Larsson     Anton Stralman           

Last Minutes Defensive
   Center                   Left Wing                Right Wing               Defense                  Defense                  
   Claude Giroux            Ondrej Palat             Josh Bailey              Oliver Ekman-Larsson     Anton Stralman           

Goaltenders
Starting : Jonathan Quick           
Backup : Antti Raanta             

Extra Forwards
Normal : Nick Shore, Darren Helm, Riley Sheahan - PP : Nick Shore, Darren Helm - PK : Riley Sheahan
Extra Defensemen
Normal : Brendan Smith, Brady Skjei, Anton Stralman - PP : Brendan Smith - PK : Brady Skjei, Zach Bogosian
Penalty Shots
Claude Giroux, Ondrej Palat, Valtteri Filppula, Brock Nelson, Josh Bailey
Custom OT Lines Forwards
Claude Giroux, Ondrej Palat, Valtteri Filppula, Brock Nelson, Josh Bailey, Tobias Rieder, Darren Helm, Riley Sheahan, Anders Bjork, Scottie Upshall
Custom OT Lines Defensemen
Oliver Ekman-Larsson, Anton Stralman, Brady Skjei, Ben Chiarot, Brendan Smith

Scratches
Drew Miller (Healthy), Jake Guentzel (Healthy), Simon Despres (Healthy)

Flyers

5 vs 5 Forward 
   Center                   Left Wing                Right Wing               Time % Phy DF OF 
 1 Evgeni Malkin            Patrick Kane             Filip Forsberg           33     0   3  2  
 2 Vincent Trocheck         Leon Draisaitl           Charlie Coyle            30     0   1  4  
 3 Casey Cizikas            Calle Jarnkrok           Leo Komarov              27     0   4  1  
 4 Ivan Barbashev           Brendan Perlini          Travis Konecny           10     0   3  2  

5 vs 5 Defense 
   Defense                  Defense                                           Time % Phy DF OF 
 1 P.K. Subban              TJ Brodie                                         37     0   4  1  
 2 Justin Faulk             Brandon Carlo                                     34     0   4  1  
 3 Darnell Nurse            Michael Matheson                                  29     0   4  1  
 4 P.K. Subban              Michael Matheson                                  0      1   2  2  

PowerPlay Forward 
   Center                   Left Wing                Right Wing               Time % Phy DF OF 
 1 Evgeni Malkin            Patrick Kane             Filip Forsberg           60     0   0  5  
 2 Vincent Trocheck         Leon Draisaitl           Charlie Coyle            40     0   0  5  

PowerPlay Defense
   Defense                  Defense                                           Time % Phy DF OF 
 1 P.K. Subban              TJ Brodie                                         60     0   1  4  
 2 Justin Faulk             Michael Matheson                                  40     0   1  4  

Penalty Kill 4 Players Forward 
   Center                   Wing                     Time % Phy DF OF 
 1 Casey Cizikas            Leo Komarov              60     0   5  0  
 2 Vincent Trocheck         Calle Jarnkrok           40     0   5  0  

Penalty Kill 4 Players Defense
   Defense                  Defense                  Time % Phy DF OF 
 1 Justin Faulk             Brandon Carlo            60     0   5  0  
 2 TJ Brodie                Michael Matheson         40     0   5  0  

Penalty Kill - 3 Players Forward 
   Forward                                           Time % Phy DF OF 
 1 Casey Cizikas                                     60     0   5  0  
 2 Calle Jarnkrok                                    40     0   5  0  

Penalty Kill - 3 Players Defense
   Defense                  Defense                  Time % Phy DF OF 
 1 Justin Faulk             Brandon Carlo            60     0   5  0  
 2 TJ Brodie                Michael Matheson         40     0   5  0  

4 vs 4 Forward 
   Center                   Wing                     Time % Phy DF OF 
 1 Evgeni Malkin            Patrick Kane             60     0   4  1  
 2 Vincent Trocheck         Leon Draisaitl           40     0   4  1  

4 vs 4 Defense
   Defense                  Defense                  Time % Phy DF OF 
 1 P.K. Subban              TJ Brodie                60     0   4  1  
 2 Justin Faulk             Brandon Carlo            40     0   4  1  

Last Minutes Offensive
   Center                   Left Wing                Right Wing               Defense                  Defense                  
   Evgeni Malkin            Patrick Kane             Vincent Trocheck         P.K. Subban              Justin Faulk             

Last Minutes Defensive
   Center                   Left Wing                Right Wing               Defense                  Defense                  
   Vincent Trocheck         Filip Forsberg           Leo Komarov              P.K. Subban              Brandon Carlo            

Goaltenders
Starting : Tristan Jarry            
Backup : Matt Murray              

Extra Forwards
Normal : Leo Komarov, Calle Jarnkrok, Travis Konecny - PP : Charlie Coyle, Brendan Perlini - PK : Calle Jarnkrok
Extra Defensemen
Normal : Michael Matheson, Darnell Nurse, Justin Faulk - PP : Darnell Nurse - PK : P.K. Subban, Darnell Nurse
Penalty Shots
Leon Draisaitl, Patrick Kane, Casey Cizikas, Brendan Perlini, Evgeni Malkin
Custom OT Lines Forwards
Evgeni Malkin, Patrick Kane, Vincent Trocheck, Leon Draisaitl, Filip Forsberg, Leo Komarov, Calle Jarnkrok, Charlie Coyle, Brendan Perlini, Travis Konecny
Custom OT Lines Defensemen
P.K. Subban, TJ Brodie, Justin Faulk, Michael Matheson, Brandon Carlo

Scratches
Artturi Lehkonen (Healthy), Borna Rendulic (Healthy)

% Time on Ice - Capitals

Lines # - Real PCT - Wanted PCT - Time Play
Normal Forward
1 - 29% - 30% - 17:03
2 - 30% - 30% - 17:23
3 - 25% - 25% - 14:26
4 - 16% - 15% - 9:09
Normal Defense
1 - 32% - 33% - 18:22
2 - 33% - 30% - 18:52
3 - 28% - 27% - 16:00
4 - 8% - 10% - 4:47
PP Forward
1 - 0% - 60%
2 - 0% - 40%
PP Defense
1 - 0% - 60%
2 - 0% - 40%
PK Forward
1 - 89% - 60% - 1:46
2 - 11% - 40% - 0:13
PK Defense
1 - 57% - 60% - 1:08
2 - 43% - 40% - 0:51
PK3 Forward
1 - 0% - 60%
2 - 0% - 40%
PK3 Defense
1 - 0% - 60%
2 - 0% - 40%
44 Forward
1 - 0% - 60%
2 - 0% - 40%
44 Defense
1 - 0% - 60%
2 - 0% - 40%
Last Minute Offensive  - 0:00
Last Minute Defensive  - 0:00
Total
Forward - 60:00
Defense - 60:00

% Time on Ice - Flyers

Lines # - Real PCT - Wanted PCT - Time Play
Normal Forward
1 - 31% - 33% - 17:55
2 - 28% - 30% - 16:15
3 - 25% - 27% - 14:27
4 - 16% - 10% - 9:24
Normal Defense
1 - 38% - 37% - 22:09
2 - 33% - 34% - 19:06
3 - 29% - 29% - 16:44
4 - 0% - 0% - 0:02
PP Forward
1 - 54% - 60% - 1:04
2 - 46% - 40% - 0:55
PP Defense
1 - 60% - 60% - 1:11
2 - 40% - 40% - 0:48
PK Forward
1 - 0% - 60%
2 - 0% - 40%
PK Defense
1 - 0% - 60%
2 - 0% - 40%
PK3 Forward
1 - 0% - 60%
2 - 0% - 40%
PK3 Defense
1 - 0% - 60%
2 - 0% - 40%
44 Forward
1 - 0% - 60%
2 - 0% - 40%
44 Defense
1 - 0% - 60%
2 - 0% - 40%
Last Minute Offensive  - 0:00
Last Minute Defensive  - 0:00
Total
Forward - 60:00
Defense - 60:00

Play by Play

1st period


0:01 of 1st period - Claude Giroux wins face-off versus Evgeni Malkin in neutral zone.
0:04 of 1st period - Snap shot by Josh Bailey.
0:04 of 1st period - Stopped by Tristan Jarry without a rebound.
0:05 of 1st period - Evgeni Malkin wins face-off versus Claude Giroux in Flyers zone.
0:20 of 1st period - Snap shot by Patrick Kane.
0:20 of 1st period - Stopped by Jonathan Quick without a rebound.
0:21 of 1st period - Valtteri Filppula wins face-off versus Vincent Trocheck in Capitals zone.
0:47 of 1st period - Zach Bogosian is hit by Justin Faulk.
1:17 of 1st period - Wrist shot by Ivan Barbashev.
1:17 of 1st period - Shot Blocked by Nick Shore.
1:35 of 1st period - Slapshot by Patrick Kane.
1:35 of 1st period - Stopped by Jonathan Quick without a rebound.
1:36 of 1st period - Claude Giroux wins face-off versus Vincent Trocheck in Capitals zone.
2:07 of 1st period - Leo Komarov is hit by Anton Stralman.
2:34 of 1st period - Snap shot by Evgeni Malkin.
2:34 of 1st period - Shot Blocked by Jason Chimera.
2:36 of 1st period - Snap shot by Patrick Kane.
2:36 of 1st period - Stopped by Jonathan Quick without a rebound.
2:37 of 1st period - Vincent Trocheck wins face-off versus Darren Helm in Capitals zone.
2:44 of 1st period - Wrist shot by Charlie Coyle.
2:44 of 1st period - Stopped by Jonathan Quick with a rebound.
3:38 of 1st period - Valtteri Filppula is hit by Leo Komarov and loses puck.
3:45 of 1st period - Leo Komarov is hit by Ondrej Palat and loses puck.
4:00 of 1st period - Snap shot by Casey Cizikas.
4:00 of 1st period - Shot Misses the Net.
4:14 of 1st period - Slapshot by Ondrej Palat.
4:14 of 1st period - Shot Misses the Net.
5:30 of 1st period - Slapshot by Calle Jarnkrok.
5:30 of 1st period - Stopped by Jonathan Quick with a rebound.
5:42 of 1st period - Snap shot by Valtteri Filppula.
5:42 of 1st period - Shot Misses the Net.
5:44 of 1st period - Slapshot by Tobias Rieder.
5:44 of 1st period - Shot Misses the Net.
5:46 of 1st period - Wrist shot by Tobias Rieder.
5:46 of 1st period - Shot Misses the Net.
5:48 of 1st period - Snap shot by Valtteri Filppula.
5:48 of 1st period - Stopped by Tristan Jarry with a rebound.
5:50 of 1st period - Snap shot by Tobias Rieder.
5:50 of 1st period - Stopped by Tristan Jarry with a rebound.
5:54 of 1st period - Wrist shot by Ondrej Palat.
5:54 of 1st period - Stopped by Tristan Jarry with a rebound.
5:56 of 1st period - Slapshot by Zach Bogosian.
5:56 of 1st period - Shot Blocked by Brandon Carlo.
6:40 of 1st period - Snap shot by Ondrej Palat.
6:40 of 1st period - Stopped by Tristan Jarry without a rebound.
6:41 of 1st period - Darren Helm wins face-off versus Evgeni Malkin in Flyers zone.
7:26 of 1st period - Icing by Vincent Trocheck.
7:27 of 1st period - Jason Chimera wins face-off versus Ivan Barbashev in Flyers zone.
7:38 of 1st period - Snap shot by Brendan Perlini.
7:38 of 1st period - Stopped by Jonathan Quick without a rebound.
7:39 of 1st period - Evgeni Malkin wins face-off versus Darren Helm in Capitals zone.
7:48 of 1st period - Snap shot by Darren Helm.
7:48 of 1st period - Stopped by Tristan Jarry without a rebound.
7:49 of 1st period - Evgeni Malkin wins face-off versus Darren Helm in Flyers zone.
7:55 of 1st period - Off-side.
7:56 of 1st period - Vincent Trocheck wins face-off versus Claude Giroux in neutral zone.
8:50 of 1st period - Anton Stralman is hit by Darnell Nurse and loses puck.
9:02 of 1st period - Off-side.
9:03 of 1st period - Josh Bailey wins face-off versus Vincent Trocheck in neutral zone.
9:32 of 1st period - Charlie Coyle is hit by Brendan Smith and loses puck.
9:39 of 1st period - Slapshot by Jason Chimera.
9:39 of 1st period - Shot Blocked by Leon Draisaitl.
9:41 of 1st period - Slapshot by Jason Chimera.
9:41 of 1st period - Shot Misses the Net.
9:53 of 1st period - Snap shot by Filip Forsberg.
9:53 of 1st period - Shot Blocked by Scottie Upshall.
11:40 of 1st period - Wrist shot by Valtteri Filppula.
11:40 of 1st period - Stopped by Tristan Jarry with a rebound.
11:42 of 1st period - Slapshot by Ondrej Palat.
11:42 of 1st period - Shot Misses the Net.
11:44 of 1st period - Slapshot by Zach Bogosian.
11:44 of 1st period - Deflect By Ondrej Palat.
11:44 of 1st period - Stopped by Tristan Jarry with a rebound.
11:56 of 1st period - Snap shot by Brendan Perlini.
11:56 of 1st period - Shot Blocked by Zach Bogosian.
11:58 of 1st period - Snap shot by Brendan Perlini.
11:58 of 1st period - Stopped by Jonathan Quick without a rebound.
11:59 of 1st period - Darren Helm wins face-off versus Ivan Barbashev in Capitals zone.
11:59 of 1st period - Darren Helm is hit by Darnell Nurse.
12:05 of 1st period - Michael Matheson is hit by Scottie Upshall and loses puck.
12:16 of 1st period - Backhand shot by Anders Bjork.
12:16 of 1st period - Stopped by Tristan Jarry with a rebound.
12:30 of 1st period - P.K. Subban is hit by Anders Bjork and loses puck.
12:55 of 1st period - Slapshot by Brendan Perlini.
12:55 of 1st period - Shot Blocked by Scottie Upshall.
13:01 of 1st period - Brendan Perlini is hit by Anders Bjork.
13:27 of 1st period - Snap shot by Anders Bjork.
13:27 of 1st period - Stopped by Tristan Jarry with a rebound.
13:55 of 1st period - Snap shot by Ivan Barbashev.
13:55 of 1st period - Stopped by Jonathan Quick with a rebound.
14:05 of 1st period - Wrist shot by Darren Helm.
14:05 of 1st period - Shot Misses the Net.
14:07 of 1st period - Wrist shot by Scottie Upshall.
14:07 of 1st period - Stopped by Tristan Jarry with a rebound.
14:17 of 1st period - Wrist shot by Anders Bjork.
14:17 of 1st period - Shot Blocked by Ivan Barbashev.
14:19 of 1st period - Slapshot by Brady Skjei.
14:19 of 1st period - Shot Blocked by P.K. Subban.
14:46 of 1st period - Snap shot by Anders Bjork.
14:46 of 1st period - Shot Hit the Post.
14:48 of 1st period - Slapshot by Anders Bjork.
14:48 of 1st period - Shot Blocked by P.K. Subban.
14:50 of 1st period - Snap shot by Zach Bogosian.
14:50 of 1st period - Shot Misses the Net.
14:52 of 1st period - Wrist shot by Scottie Upshall.
14:52 of 1st period - Shot Blocked by TJ Brodie.
14:54 of 1st period - Slapshot by Zach Bogosian.
14:54 of 1st period - Stopped by Tristan Jarry without a rebound.
14:55 of 1st period - Evgeni Malkin wins face-off versus Brock Nelson in Flyers zone.
15:20 of 1st period - Oliver Ekman-Larsson is hit by Darnell Nurse and loses puck.
15:45 of 1st period - Calle Jarnkrok is hit by Ondrej Palat and loses puck.
16:05 of 1st period - Icing by Justin Faulk.
16:06 of 1st period - Evgeni Malkin wins face-off versus Claude Giroux in Flyers zone.
16:19 of 1st period - Snap shot by Evgeni Malkin.
16:19 of 1st period - Stopped by Jonathan Quick with a rebound.
16:21 of 1st period - Snap shot by Filip Forsberg.
16:21 of 1st period - Stopped by Jonathan Quick with a rebound.
16:23 of 1st period - Wrist shot by Evgeni Malkin.
16:23 of 1st period - Shot Blocked by Ben Chiarot.
16:58 of 1st period - Tobias Rieder is hit by Leo Komarov and loses puck.
17:09 of 1st period - Leo Komarov is hit by Anton Stralman.
17:26 of 1st period - Anton Stralman is hit by Patrick Kane.
19:06 of 1st period - Brock Nelson is hit by Charlie Coyle and loses puck.
19:25 of 1st period - Leo Komarov is hit by Zach Bogosian and loses puck.
Goals for this period are 0 for Capitals vs 0 for Flyers.
Shots for this period are 12 for Capitals vs 10 for Flyers.

2nd period


0:01 of 2nd period - Claude Giroux wins face-off versus Evgeni Malkin in neutral zone.
0:06 of 2nd period - Snap shot by Josh Bailey.
0:06 of 2nd period - Stopped by Tristan Jarry with a rebound.
0:08 of 2nd period - Wrist shot by Claude Giroux.
0:08 of 2nd period - Shot Misses the Net.
0:52 of 2nd period - Scottie Upshall is hit by Casey Cizikas and loses puck.
1:07 of 2nd period - Slapshot by Brendan Perlini.
1:07 of 2nd period - Goal by Brendan Perlini - Capitals : 0 - Flyers : 1.
1:08 of 2nd period - Claude Giroux wins face-off versus Evgeni Malkin in neutral zone.
1:17 of 2nd period - Slapshot by Josh Bailey.
1:17 of 2nd period - Shot Misses the Net.
1:19 of 2nd period - Wrist shot by Claude Giroux.
1:19 of 2nd period - Stopped by Tristan Jarry with a rebound.
1:21 of 2nd period - Slapshot by Brendan Smith.
1:21 of 2nd period - Shot Misses the Net.
1:23 of 2nd period - Slapshot by Brendan Smith.
1:23 of 2nd period - Deflect By Josh Bailey.
1:23 of 2nd period - Stopped by Tristan Jarry with a rebound.
1:42 of 2nd period - Backhand shot by Vincent Trocheck.
1:42 of 2nd period - Shot Misses the Net.
1:58 of 2nd period - Slapshot by Darren Helm.
1:58 of 2nd period - Stopped by Tristan Jarry without a rebound.
1:59 of 2nd period - Darren Helm wins face-off versus Casey Cizikas in Flyers zone.
2:06 of 2nd period - Snap shot by Darren Helm.
2:06 of 2nd period - Deflect By TJ Brodie.
2:06 of 2nd period - Stopped by Tristan Jarry with a rebound.
2:08 of 2nd period - Snap shot by Darren Helm.
2:08 of 2nd period - Shot Blocked by P.K. Subban.
2:10 of 2nd period - Slapshot by Scottie Upshall.
2:10 of 2nd period - Shot Misses the Net.
2:22 of 2nd period - Slapshot by TJ Brodie.
2:22 of 2nd period - Deflect By Oliver Ekman-Larsson.
2:22 of 2nd period - Stopped by Jonathan Quick with a rebound.
2:48 of 2nd period - Wrist shot by Patrick Kane.
2:48 of 2nd period - Stopped by Jonathan Quick with a rebound.
2:50 of 2nd period - Wrist shot by TJ Brodie.
2:50 of 2nd period - Stopped by Jonathan Quick with a rebound.
2:52 of 2nd period - Wrist shot by Patrick Kane.
2:52 of 2nd period - Stopped by Jonathan Quick with a rebound.
2:54 of 2nd period - Wrist shot by Filip Forsberg.
2:54 of 2nd period - Shot Blocked by Zach Bogosian.
2:56 of 2nd period - Snap shot by Patrick Kane.
2:56 of 2nd period - Shot Blocked by Ondrej Palat.
3:10 of 2nd period - Snap shot by Riley Sheahan.
3:10 of 2nd period - Stopped by Tristan Jarry with a rebound.
3:12 of 2nd period - Slapshot by Zach Bogosian.
3:12 of 2nd period - Deflect By Jason Chimera.
3:12 of 2nd period - Shot Blocked by Michael Matheson.
3:12 of 2nd period - Puck is out of play.
3:13 of 2nd period - Vincent Trocheck wins face-off versus Riley Sheahan in Flyers zone.
3:15 of 2nd period - Icing by Charlie Coyle.
3:16 of 2nd period - Claude Giroux wins face-off versus Vincent Trocheck in Flyers zone.
3:25 of 2nd period - Snap shot by Josh Bailey.
3:25 of 2nd period - Shot Blocked by Leon Draisaitl.
4:53 of 2nd period - Calle Jarnkrok is hit by Jason Chimera and loses puck.
4:59 of 2nd period - Off-side.
5:00 of 2nd period - Evgeni Malkin wins face-off versus Riley Sheahan in neutral zone.
5:05 of 2nd period - Wrist shot by Evgeni Malkin.
5:05 of 2nd period - Shot Misses the Net.
5:07 of 2nd period - Snap shot by Evgeni Malkin.
5:07 of 2nd period - Stopped by Jonathan Quick with a rebound.
5:17 of 2nd period - Wrist shot by Evgeni Malkin.
5:17 of 2nd period - Shot Misses the Net.
6:00 of 2nd period - Wrist shot by Anders Bjork.
6:00 of 2nd period - Shot Misses the Net.
6:14 of 2nd period - Wrist shot by Calle Jarnkrok.
6:14 of 2nd period - Stopped by Jonathan Quick with a rebound.
6:16 of 2nd period - Snap shot by Casey Cizikas.
6:16 of 2nd period - Goal by Casey Cizikas - Capitals : 0 - Flyers : 2.
6:17 of 2nd period - Claude Giroux wins face-off versus Evgeni Malkin in neutral zone.
6:19 of 2nd period - Off-side.
6:20 of 2nd period - Claude Giroux wins face-off versus Evgeni Malkin in neutral zone.
7:15 of 2nd period - Snap shot by Vincent Trocheck.
7:15 of 2nd period - Stopped by Jonathan Quick without a rebound.
7:16 of 2nd period - Brock Nelson wins face-off versus Evgeni Malkin in Capitals zone.
7:16 of 2nd period - Brock Nelson is hit by Evgeni Malkin.
7:28 of 2nd period - Backhand shot by Evgeni Malkin.
7:28 of 2nd period - Shot Misses the Net.
7:30 of 2nd period - Wrist shot by Evgeni Malkin.
7:30 of 2nd period - Deflect By Filip Forsberg.
7:30 of 2nd period - Shot Misses the Net.
7:30 of 2nd period - Puck is out of play.
7:31 of 2nd period - Valtteri Filppula wins face-off versus Vincent Trocheck in Capitals zone.
8:03 of 2nd period - Wrist shot by Claude Giroux.
8:03 of 2nd period - Shot Blocked by Evgeni Malkin.
8:13 of 2nd period - TJ Brodie is hit by Anton Stralman and loses puck.
9:30 of 2nd period - Patrick Kane is hit by Brock Nelson and loses puck.
9:49 of 2nd period - Brandon Carlo is hit by Anders Bjork and loses puck.
10:08 of 2nd period - Anton Stralman is hit by Justin Faulk and loses puck.
10:15 of 2nd period - Snap shot by Vincent Trocheck.
10:15 of 2nd period - Shot Misses the Net.
10:20 of 2nd period - Icing by Anton Stralman.
10:21 of 2nd period - Riley Sheahan wins face-off versus Evgeni Malkin in Capitals zone.
10:56 of 2nd period - Claude Giroux is hit by Michael Matheson and loses puck.
11:10 of 2nd period - Off-side.
11:11 of 2nd period - Ivan Barbashev wins face-off versus Valtteri Filppula in neutral zone.
11:18 of 2nd period - Wrist shot by Ivan Barbashev.
11:18 of 2nd period - Shot Misses the Net.
11:34 of 2nd period - TJ Brodie is hit by Brendan Smith and loses puck.
11:58 of 2nd period - Slapshot by Justin Faulk.
11:58 of 2nd period - Stopped by Jonathan Quick with a rebound.
12:17 of 2nd period - Wrist shot by Anders Bjork.
12:17 of 2nd period - Stopped by Tristan Jarry with a rebound.
12:19 of 2nd period - Slapshot by Brendan Smith.
12:19 of 2nd period - Shot Misses the Net.
12:21 of 2nd period - Snap shot by Brendan Smith.
12:21 of 2nd period - Deflect By Anders Bjork.
12:21 of 2nd period - Goal by Anders Bjork - Capitals : 1 - Flyers : 2.
12:22 of 2nd period - Evgeni Malkin wins face-off versus Claude Giroux in neutral zone.
12:33 of 2nd period - Darnell Nurse is hit by Anton Stralman and loses puck.
12:38 of 2nd period - Snap shot by Claude Giroux.
12:38 of 2nd period - Stopped by Tristan Jarry without a rebound.
12:39 of 2nd period - Charlie Coyle wins face-off versus Anders Bjork in Flyers zone.
13:53 of 2nd period - Snap shot by Travis Konecny.
13:53 of 2nd period - Stopped by Jonathan Quick without a rebound.
13:54 of 2nd period - Claude Giroux wins face-off versus Evgeni Malkin in Capitals zone.
14:47 of 2nd period - Slapshot by Darnell Nurse.
14:47 of 2nd period - Stopped by Jonathan Quick with a rebound.
14:49 of 2nd period - Snap shot by Calle Jarnkrok.
14:49 of 2nd period - Shot Misses the Net.
14:51 of 2nd period - Slapshot by Casey Cizikas.
14:51 of 2nd period - Shot Misses the Net.
14:53 of 2nd period - Snap shot by Calle Jarnkrok.
14:53 of 2nd period - Shot Blocked by Brendan Smith.
15:03 of 2nd period - Ondrej Palat is hit by Patrick Kane and loses puck.
15:37 of 2nd period - Brendan Perlini is hit by Claude Giroux and loses puck.
15:58 of 2nd period - Vincent Trocheck is hit by Darren Helm and loses puck.
16:19 of 2nd period - Slapshot by Oliver Ekman-Larsson.
16:19 of 2nd period - Stopped by Tristan Jarry with a rebound.
17:25 of 2nd period - Darnell Nurse is hit by Scottie Upshall and loses puck.
17:32 of 2nd period - Leo Komarov is hit by Ben Chiarot and loses puck.
17:45 of 2nd period - Tobias Rieder is hit by Vincent Trocheck.
17:54 of 2nd period - Ondrej Palat is hit by Leon Draisaitl and loses puck.
18:19 of 2nd period - Brock Nelson is hit by Evgeni Malkin and loses puck.
18:30 of 2nd period - Wrist shot by Brendan Perlini.
18:30 of 2nd period - Stopped by Jonathan Quick with a rebound.
18:34 of 2nd period - Backhand shot by Travis Konecny.
18:34 of 2nd period - Shot Misses the Net.
19:02 of 2nd period - Oliver Ekman-Larsson is hit by Casey Cizikas and loses puck.
19:25 of 2nd period - Anton Stralman is hit by Charlie Coyle and loses puck.
Goals for this period are 1 for Capitals vs 2 for Flyers.
Shots for this period are 10 for Capitals vs 13 for Flyers.

3rd period


0:01 of 3rd period - Claude Giroux wins face-off versus Filip Forsberg in neutral zone.
0:14 of 3rd period - Snap shot by Josh Bailey.
0:14 of 3rd period - Stopped by Tristan Jarry with a rebound.
0:16 of 3rd period - Wrist shot by Brock Nelson.
0:16 of 3rd period - Stopped by Tristan Jarry with a rebound.
0:26 of 3rd period - Anton Stralman is hit by P.K. Subban and loses puck.
0:33 of 3rd period - Backhand shot by Oliver Ekman-Larsson.
0:33 of 3rd period - Deflect By Ondrej Palat.
0:33 of 3rd period - Shot Blocked by P.K. Subban.
0:33 of 3rd period - Puck is out of play.
0:34 of 3rd period - Darren Helm wins face-off versus Vincent Trocheck in Flyers zone.
0:50 of 3rd period - Snap shot by Vincent Trocheck.
0:50 of 3rd period - Stopped by Jonathan Quick without a rebound.
0:51 of 3rd period - Claude Giroux wins face-off versus Evgeni Malkin in Capitals zone.
0:56 of 3rd period - Patrick Kane is hit by Anton Stralman and loses puck.
1:21 of 3rd period - Slapshot by Oliver Ekman-Larsson.
1:21 of 3rd period - Deflect By Valtteri Filppula.
1:21 of 3rd period - Deflect By Leon Draisaitl.
1:21 of 3rd period - Stopped by Tristan Jarry without a rebound.
1:22 of 3rd period - Vincent Trocheck wins face-off versus Valtteri Filppula in Flyers zone.
1:54 of 3rd period - Wrist shot by Darren Helm.
1:54 of 3rd period - Stopped by Tristan Jarry with a rebound.
1:56 of 3rd period - Snap shot by Anders Bjork.
1:56 of 3rd period - Shot Misses the Net.
1:58 of 3rd period - Slapshot by Anders Bjork.
1:58 of 3rd period - Stopped by Tristan Jarry without a rebound.
1:59 of 3rd period - Claude Giroux wins face-off versus Vincent Trocheck in Flyers zone.
2:07 of 3rd period - Off-side.
2:08 of 3rd period - Claude Giroux wins face-off versus Vincent Trocheck in neutral zone.
2:36 of 3rd period - Wrist shot by Josh Bailey.
2:36 of 3rd period - Shot Misses the Net.
2:50 of 3rd period - Snap shot by Charlie Coyle.
2:50 of 3rd period - Deflect By Leon Draisaitl.
2:50 of 3rd period - Shot Misses the Net.
2:50 of 3rd period - Puck is out of play.
2:51 of 3rd period - Evgeni Malkin wins face-off versus Valtteri Filppula in Capitals zone.
3:02 of 3rd period - Snap shot by Ondrej Palat.
3:02 of 3rd period - Stopped by Tristan Jarry without a rebound.
3:03 of 3rd period - Darren Helm wins face-off versus Evgeni Malkin in Flyers zone.
3:04 of 3rd period - Wrist shot by Anders Bjork.
3:04 of 3rd period - Stopped by Tristan Jarry without a rebound.
3:05 of 3rd period - Evgeni Malkin wins face-off versus Darren Helm in Flyers zone.
3:14 of 3rd period - Snap shot by Patrick Kane.
3:14 of 3rd period - Stopped by Jonathan Quick with a rebound.
3:57 of 3rd period - Vincent Trocheck is hit by Brendan Smith and loses puck.
4:46 of 3rd period - Icing by Zach Bogosian.
4:47 of 3rd period - Evgeni Malkin wins face-off versus Valtteri Filppula in Capitals zone.
4:52 of 3rd period - Slapshot by Filip Forsberg.
4:52 of 3rd period - Stopped by Jonathan Quick without a rebound.
4:53 of 3rd period - Evgeni Malkin wins face-off versus Claude Giroux in Capitals zone.
5:03 of 3rd period - Minor Penalty to Brock Nelson for Cross-checking.
5:04 of 3rd period - Evgeni Malkin wins face-off versus Nick Shore in Capitals zone.
5:04 of 3rd period - Wrist shot by Patrick Kane.
5:04 of 3rd period - Stopped by Jonathan Quick with a rebound.
6:21 of 3rd period - Vincent Trocheck is hit by Claude Giroux and loses puck.
6:38 of 3rd period - Filip Forsberg is hit by Brendan Smith and loses puck.
7:03 of 3rd period - Penalty to Brock Nelson is over, Brock Nelson is back on ice.
7:08 of 3rd period - Off-side.
7:09 of 3rd period - Valtteri Filppula wins face-off versus Casey Cizikas in neutral zone.
7:16 of 3rd period - Icing by Valtteri Filppula.
7:17 of 3rd period - Valtteri Filppula wins face-off versus Casey Cizikas in Capitals zone.
8:26 of 3rd period - Slapshot by P.K. Subban.
8:26 of 3rd period - Shot Blocked by Brady Skjei.
8:28 of 3rd period - Snap shot by Travis Konecny.
8:28 of 3rd period - Stopped by Jonathan Quick with a rebound.
8:30 of 3rd period - Snap shot by Brendan Perlini.
8:30 of 3rd period - Goal by Brendan Perlini - Capitals : 1 - Flyers : 3.
8:31 of 3rd period - Evgeni Malkin wins face-off versus Claude Giroux in neutral zone.
8:48 of 3rd period - Snap shot by Filip Forsberg.
8:48 of 3rd period - Goal by Filip Forsberg - Capitals : 1 - Flyers : 4.
8:49 of 3rd period - Evgeni Malkin wins face-off versus Valtteri Filppula in neutral zone.
8:58 of 3rd period - Snap shot by Evgeni Malkin.
8:58 of 3rd period - Stopped by Jonathan Quick with a rebound.
9:00 of 3rd period - Wrist shot by Evgeni Malkin.
9:00 of 3rd period - Shot Misses the Net.
9:15 of 3rd period - Icing by Tobias Rieder.
9:16 of 3rd period - Claude Giroux wins face-off versus Casey Cizikas in Capitals zone.
9:43 of 3rd period - Ben Chiarot is hit by Evgeni Malkin and loses puck.
10:06 of 3rd period - Vincent Trocheck is hit by Ondrej Palat and loses puck.
10:31 of 3rd period - Wrist shot by Nick Shore.
10:31 of 3rd period - Stopped by Tristan Jarry without a rebound.
10:32 of 3rd period - Claude Giroux wins face-off versus Evgeni Malkin in Flyers zone.
10:33 of 3rd period - Slapshot by Josh Bailey.
10:33 of 3rd period - Shot Misses the Net.
10:35 of 3rd period - Slapshot by Oliver Ekman-Larsson.
10:35 of 3rd period - Shot Blocked by Brandon Carlo.
10:37 of 3rd period - Wrist shot by Claude Giroux.
10:37 of 3rd period - Shot Blocked by Justin Faulk.
10:39 of 3rd period - Slapshot by Brock Nelson.
10:39 of 3rd period - Stopped by Tristan Jarry without a rebound.
10:40 of 3rd period - Evgeni Malkin wins face-off versus Claude Giroux in Flyers zone.
10:46 of 3rd period - Off-side.
10:47 of 3rd period - Evgeni Malkin wins face-off versus Darren Helm in neutral zone.
10:56 of 3rd period - Wrist shot by Patrick Kane.
10:56 of 3rd period - Stopped by Jonathan Quick with a rebound.
10:58 of 3rd period - Snap shot by P.K. Subban.
10:58 of 3rd period - Stopped by Jonathan Quick with a rebound.
11:00 of 3rd period - Snap shot by Filip Forsberg.
11:00 of 3rd period - Stopped by Jonathan Quick with a rebound.
11:02 of 3rd period - Wrist shot by Patrick Kane.
11:02 of 3rd period - Shot Misses the Net.
11:04 of 3rd period - Wrist shot by Filip Forsberg.
11:04 of 3rd period - Stopped by Jonathan Quick without a rebound.
11:05 of 3rd period - Casey Cizikas wins face-off versus Claude Giroux in Capitals zone.
12:26 of 3rd period - Icing by Josh Bailey.
12:27 of 3rd period - Evgeni Malkin wins face-off versus Claude Giroux in Capitals zone.
12:34 of 3rd period - Wrist shot by Evgeni Malkin.
12:34 of 3rd period - Deflect By Filip Forsberg.
12:34 of 3rd period - Shot Misses the Net.
12:34 of 3rd period - Puck is out of play.
12:35 of 3rd period - Evgeni Malkin wins face-off versus Valtteri Filppula in Capitals zone.
12:38 of 3rd period - Backhand shot by Patrick Kane.
12:38 of 3rd period - Stopped by Jonathan Quick without a rebound.
12:39 of 3rd period - Valtteri Filppula wins face-off versus Casey Cizikas in Capitals zone.
12:51 of 3rd period - Snap shot by Valtteri Filppula.
12:51 of 3rd period - Shot Blocked by TJ Brodie.
13:05 of 3rd period - Tobias Rieder is hit by Filip Forsberg and loses puck.
13:26 of 3rd period - Slapshot by Oliver Ekman-Larsson.
13:26 of 3rd period - Stopped by Tristan Jarry without a rebound.
13:27 of 3rd period - Vincent Trocheck wins face-off versus Darren Helm in Flyers zone.
14:23 of 3rd period - Slapshot by Calle Jarnkrok.
14:23 of 3rd period - Stopped by Jonathan Quick with a rebound.
14:43 of 3rd period - Snap shot by Darren Helm.
14:43 of 3rd period - Stopped by Tristan Jarry with a rebound.
14:59 of 3rd period - Oliver Ekman-Larsson is hit by Travis Konecny and loses puck.
16:15 of 3rd period - Snap shot by Charlie Coyle.
16:15 of 3rd period - Stopped by Jonathan Quick with a rebound.
17:17 of 3rd period - Travis Konecny is hit by Brock Nelson and loses puck.
17:34 of 3rd period - Wrist shot by Darren Helm.
17:34 of 3rd period - Stopped by Tristan Jarry without a rebound.
17:35 of 3rd period - Casey Cizikas wins face-off versus Scottie Upshall in Flyers zone.
17:48 of 3rd period - Slapshot by P.K. Subban.
17:48 of 3rd period - Shot Blocked by Brady Skjei.
17:50 of 3rd period - Slapshot by P.K. Subban.
17:50 of 3rd period - Shot Misses the Net.
18:08 of 3rd period - Snap shot by Claude Giroux.
18:08 of 3rd period - Stopped by Tristan Jarry without a rebound.
18:09 of 3rd period - Vincent Trocheck wins face-off versus Valtteri Filppula in Flyers zone.
18:47 of 3rd period - Darnell Nurse is hit by Brendan Smith and loses puck.
19:29 of 3rd period - Slapshot by TJ Brodie.
19:29 of 3rd period - Shot Misses the Net.
19:35 of 3rd period - Scottie Upshall is hit by P.K. Subban and loses puck.
Goals for this period are 0 for Capitals vs 2 for Flyers.
Shots for this period are 13 for Capitals vs 15 for Flyers.